 Dungeon Crawl Stone Soup version 0.29-a0-1023-g6ae1a4a2c7 (webtiles) character file.

Game seed: 7469745090972728388

26051 wingedge the Skirmisher (level 13, -10/103 HPs)
             Began as a Human Wanderer on Aug 11, 2022.
             Was an Initiate of Yredelemnul.
             Mangled by purpskrrrp's ghost (18 damage)
             ... on level 4 of the Lair of Beasts.
             The game lasted 01:57:07 (13475 turns).

wingedge the Skirmisher (Human Wanderer)           Turns: 13475, Time: 01:57:09

Health: -10/103    AC: 13    Str: 11    XL:     13   Next: 55%
Magic:  0/26       EV: 14    Int: 13    God:    Yredelemnul [......]
Gold:   350        SH:  0    Dex: 21    Spells: 18/18 levels left

rFire   + . .      SeeInvis .   c - +3 longbow (flame)
rCold   + . .      Faith    .   (shield currently unavailable)
rNeg    . . .      Spirit   +   w - +3 ring mail {Will+}
rPois   +          Reflect  .   G - +0 helmet
rElec   .          Harm     .   I - +0 cloak {rPois}
rCorr   .          Rampage  .   (no gloves)
Will    +....                   T - +0 pair of boots
Stlth   +++.......              n - amulet of guardian spirit
HPRegen 0.27/turn               J - ring of magical power
MPRegen 0.20/turn               R - ring "Damnable Contraption" {rF+ rC+ Dex+2}

@: mighty, studying Staves
A: no striking features
a: Renounce Religion, Recall Undead Harvest


You were on level 4 of the Lair of Beasts.
You worshipped Yredelemnul.
Yredelemnul was noncommittal.
You visited 2 branches of the dungeon, and saw 14 of its levels.

You collected 778 gold pieces.
You spent 428 gold pieces at shops.

Inventory:

Hand Weapons
 a - a +0 arbalest of venom
 b - a +7 eveningstar
 c - a +3 longbow of flaming (weapon)
 x - a +4 scimitar of flaming
Missiles
 q - 5 silver javelins
 D - 2 boomerangs of dispersal
 O - 3 curare-tipped darts
Armour
 w - a +3 ring mail of willpower (worn)
 y - the +1 cloak of Activism {-Tele rC+++ rN+ Regen+}
   (You found it on level 3 of the Dungeon)

   rC:        It renders you almost immune to cold.
   rN:        It protects you from negative energy.
   -Tele:     It prevents most forms of teleportation.
   Regen:     It increases your rate of health regeneration.
 G - a +0 helmet (worn)
 I - a +0 cloak of poison resistance (worn)
 T - a +0 pair of boots (worn)
Magical Staves
 e - a staff of fire
Jewellery
 i - a ring of see invisible
 j - an amulet of magic regeneration
 n - an amulet of guardian spirit (around neck)
 C - a ring of magical power
 J - a ring of magical power (left hand)
 R - the ring "Damnable Contraption" (right hand) {rF+ rC+ Dex+2}
   (You found it on level 7 of the Dungeon)

   [ring of protection from fire]

   Dex:       It affects your dexterity (+2).
   rF:        It protects you from fire.
   rC:        It protects you from cold.
Wands
 P - a wand of roots (11)
 Q - a wand of flame (61)
 U - a wand of mindburst (8)
Scrolls
 d - 3 scrolls of butterflies
 h - 7 scrolls of teleportation
 k - a scroll of torment {unknown}
 s - 2 scrolls of fear
 A - 2 scrolls of magic mapping
 L - a scroll of silence {unknown}
 N - a scroll of immolation
 V - 2 scrolls of vulnerability {unknown}
 W - 2 scrolls of enchant weapon {unknown}
 Y - 2 scrolls of noise {unknown}
Potions
 f - a potion of haste
 l - 9 potions of flight
 m - 2 potions of resistance {unknown}
 o - a potion of ambrosia {unknown}
 p - a potion of magic {unknown}
 t - 2 potions of attraction {unknown}
 u - a potion of mutation {unknown}
 v - 4 potions of cancellation
 z - 5 potions of lignification {unknown}
 B - 2 potions of brilliance {unknown}
 E - 3 potions of might
 F - 3 potions of curing
Miscellaneous
 H - a lightning rod (3/4)


   Skills:
 - Level 10.0 Fighting
 - Level 3.0(3.3) Short Blades
 - Level 2.2(3.0) Long Blades
 - Level 5.1(6.0) Maces & Flails
 - Level 4.6(5.7) Staves
 - Level 13.0 Ranged Weapons
 - Level 1.0 Throwing
 - Level 6.0 Armour
 + Level 7.0 Dodging
 - Level 6.0 Stealth
 - Level 3.0 Spellcasting
 - Level 2.0 Conjurations
 - Level 2.0 Hexes
 - Level 2.0 Earth Magic
 - Level 6.0 Invocations
 - Level 4.0 Evocations


You had 18 spell levels left.
You didn't know any spells.
Your spell library contained the following spells:

 Spells                   Type           Power      Damage    Failure   Level
 Tukima's Dance           Hex            7%         N/A       54%         3
 Fulminant Prism          Conj/Hex       3%         3d6       91%         4
 Iskenderun's Mystic Bla  Conj/Tloc      4%         2d3       97%         4
 Passage of Golubria      Tloc           1%         N/A       99%         4
 Lee's Rapid Deconstruct  Erth           3%         3d6*      99%         5
 Yara's Violent Unravell  Hex/Tmut       2%         3d3       100%        5


Dungeon Overview and Level Annotations

Branches:
Dungeon (11/15)            Temple (0/1) D:5            Lair (4/5) D:8
  Swamp (0/4) Lair:2          Orc (0/2) D:9
  Snake: Lair:2-3    Spider: Lair:2-3     Slime: Lair:4-5

Altars:
Cheibriados
Dithmenos
Elyvilon
Hepliaklqana
Nemelex Xobeh
Qazlal
Trog
Uskayaw
Vehumet
Wu Jian
Yredelemnul
The Shining One

Shops:
D:2 (   D:5 [(!=   D:6 =   D:9 (   D:10 (*

Annotations:
Lair:4 purpskrrrp's ghost, journeyman DsFi


Message History

Press: ? - help, Shift-Dir - straight line, f/p - purpskrrrp's ghost
Aim: purpskrrrp's ghost, wielding a weapon of flaming (almost destroyed, blind, ally target)
The thunderbolt hits purpskrrrp's ghost.
Purpskrrrp's ghost resists.
Purpskrrrp's ghost is almost destroyed.
You hear a croak.
Purpskrrrp's ghost hits you but does no damage.
Your wolf zombie completely misses purpskrrrp's ghost.
Okay, then.
Press: ? - help, v - describe, . - travel
Here: purpskrrrp's ghost, wielding a weapon of flaming (almost destroyed, blind, ally target)
The floor.
Fire: c) +3 longbow (flame)
Press: ? - help, Q - select action, (/) - cycle Shift-Dir - straight line, f/p - purpskrrrp's ghost
Aim: purpskrrrp's ghost, wielding a weapon of flaming (almost destroyed, blind, ally target, 78% to hit)
You shoot an arrow.
The arrow hits purpskrrrp's ghost but does no damage.
Purpskrrrp's ghost is almost destroyed.
Your wolf zombie bites purpskrrrp's ghost but does no damage.
Purpskrrrp's ghost closely misses you.
Your wolf zombie closely misses purpskrrrp's ghost.
Fire: c) +3 longbow (flame)
Press: ? - help, Q - select action, (/) - cycle Shift-Dir - straight line, f/p - purpskrrrp's ghost
Aim: purpskrrrp's ghost, wielding a weapon of flaming (almost destroyed, blind, ally target, 78% to hit)
You shoot an arrow.
The arrow closely misses purpskrrrp's ghost.
Purpskrrrp's ghost hits you but does no damage.
Your wolf zombie bites purpskrrrp's ghost but does no damage.
Okay, then.
Fire: c) +3 longbow (flame)
Press: ? - help, Q - select action, (/) - cycle Shift-Dir - straight line, f/p - purpskrrrp's ghost
Aim: purpskrrrp's ghost, wielding a weapon of flaming (almost destroyed, blind, ally target, 78% to hit)
You shoot an arrow.
The arrow hits purpskrrrp's ghost but does no damage.
Purpskrrrp's ghost is almost destroyed.
Purpskrrrp's ghost is no longer blind.
Your wolf zombie bites purpskrrrp's ghost but does no damage.
Purpskrrrp's ghost hits you!!
You die...
Your body rises from the dead as a mindless zombie.

*,,,^,,,~≈≈≈§§≈~..~...#.##..#§###
*,**,,,,~~≈≈≈≈§≈.........§.§§§§#§
,,,*,,,,,~≈§≈≈≈~.....##§.###§BW§§
,,,**,,,,.~≈§≈~~......#§§§§#§§Z#§
,,,,,,,,,.~≈≈≈~.........§§§W§§§##
,,,*,,,,,.~≈≈≈≈......P§§##§§§§.##
*,,*,,,,,..~≈≈≈....?..§.##§§##...
*,,,,,,,,..~~≈~..WZ...§.§§§§##...
*,***,,,,...~≈..@.....##§§#..##..
*** *,,,,.!#~~#...#..###.§§#..§##
*,,*,,*##........##...#.....#
***,,,*,##.##..P..#...#.#...#
**,,,,..............!,.....
*,**....##P.##.....#...#..
*,**####*#####../..##,..#. ***
*#...#**,,,,, *,,,,,,,,,*,,


You could see purpskrrrp's ghost (ally target) and a friendly wolf zombie.

Vanquished Creatures
  A boulder beetle (Lair:4)
  A hydra (D:11)
  Erica (Lair:1)
  A catoblepas (Lair:1)
  2 two-headed ogres
  Urug (D:10)
  Sonja (D:10)
  An ugly thing (D:11)
  2 cyclopes (D:11)
  The ghost of nickcage the Spear-Bearer, a novice MfGl of the Shining One (D:6)
  An unseen horror (D:11)
  A cane toad (Lair:1)
  2 trolls (D:11)
  A hornet (D:10)
  Grinder (D:3)
  4 blink frogs (Lair:4)
  4 dream sheep (Lair:2)
  A wraith (D:10)
  25 yaks
  4 humans (D:6)
  A vampire (D:8)
  A wyvern (Lair:1)
  A steam dragon (D:9)
  A vampire mosquito (D:11)
  Menkaure (D:7)
  2 wargs
  An acid dragon (D:11)
  5 water moccasins
  7 orc warriors
  A sky beast (D:6)
  4 ice beasts
  An ogre (D:4)
  2 wolves (Lair:4)
  3 black bears
  A centaur (D:7)
  A kobold brigand (D:7)
  5 bullfrogs
  2 scorpions (D:5)
  A necrophage (D:5)
  2 wights (D:8)
  The ghost of SkeletonJelly the Slasher, a weakling DrMo (D:3)
  11 killer bees
  A jelly (D:5)
  5 howler monkeys
  6 hounds
  4 gnoll boudas
  8 orc priests
  Jessica (D:3)
  Terence (D:3)
  3 iguanas
  10 orc wizards
  8 gnolls
  9 adders
  3 shadow imps
  2 white imps
  An ufetubus (D:6)
  2 dart slugs (D:1)
  4 worms
  38 orcs
  2 bats
  2 endoplasms
  4 giant cockroaches
  5 goblins
  6 hobgoblins
  4 jackals
  8 kobolds
  2 quokkas
  A ball python (D:3)
  A frilled lizard (D:3)
  9 rats
261 creatures vanquished.

Vanquished Creatures (collateral kills)
  Nessos (Lair:4)
  A two-headed ogre (D:10)
  A black mamba (Lair:4)
  2 cane toads (Lair:1)
  A polar bear (Lair:1)
  3 blink frogs (Lair:4)
  7 dream sheep (Lair:4)
  6 yaks
  A wyvern (Lair:1)
  A basilisk (Lair:1)
  2 vampire mosquitoes (D:11)
  2 water moccasins
  3 wolves (Lair:4)
  An ogre (D:4)
  2 phantoms
  2 bullfrogs
  2 wights (D:8)
  6 killer bees
  A hound (D:5)
  An iguana (D:7)
  4 orc wizards
  4 gnolls
  2 adders (D:2)
  13 orcs
  An endoplasm (D:2)
  A hobgoblin (D:4)
  A jackal (D:5)
  A ball python (D:3)
  A bat (D:3)
  3 frilled lizards
  A goblin (D:1)
  3 kobolds
  A rat (D:2)
82 creatures vanquished.

Vanquished Creatures (others)
  A blink frog (Lair:4)
  A spectral cane toad (Lair:4)
  A blink frog zombie (Lair:4)
  2 dream sheep zombies (Lair:4)
  2 water moccasin zombies
  3 yak zombies
  A troll zombie (D:11)
  A wolf zombie (Lair:4)
  A bullfrog zombie (D:6)
  A human zombie (D:6)
  A scorpion zombie (D:5)
  A spectral killer bee (D:8)
  4 killer bee zombies
  An ice beast zombie (D:7)
  An ogre zombie (D:4)
  A sky beast zombie (D:6)
  2 hound zombies
  A howler monkey zombie (D:6)
  An iguana zombie (D:5)
  A jelly zombie (D:5)
  4 adder zombies
  A spectral shadow imp (D:6)
  A bat zombie (D:3)
  A giant cockroach zombie (D:4)
  4 gnoll zombies
  2 hobgoblin zombies
  3 kobold zombies
  22 orc zombies
  A rat zombie (D:2)
  A spectral orc (D:8)
  15 fungi
  18 plants
101 creatures vanquished.

Grand Total: 444 creatures vanquished

Notes
Turn   | Place    | Note
-------+----------+-------------------------------------------
     0 | D:1      | wingedge the Human Wanderer began the quest for the Orb.
     0 | D:1      | wingedge set off with the following items: a +2 dagger, a
                  | scroll of blinking, a +0 quarterstaff, 2 scrolls of
                  | butterflies, a +0 leather armour.
     0 | D:1      | Reached XP level 1. HP: 16/16 MP: 1/1
    68 | D:1      | Reached skill level 1 in Short Blades
    81 | D:1      | Reached XP level 2. HP: 22/22 MP: 2/2
   212 | D:1      | Found a faded altar of an unknown god.
   236 | D:1      | Prayed at the altar of an unknown god.
   236 | D:1      | Became a worshipper of Yredelemnul the Dark
   236 | D:1      | Reached * piety under Yredelemnul
   278 | D:1      | Reached skill level 1 in Dodging
   278 | D:1      | Reached XP level 3. HP: 23/27 MP: 1/3
   762 | D:2      | Reached skill level 1 in Invocations
   901 | D:2      | Reached XP level 4. HP: 9/34 MP: 2/4
  1254 | D:2      | Found Tamu's Weapon Boutique.
  1484 | D:2      | Reached ** piety under Yredelemnul
  1546 | D:2      | Bought 4 boomerangs for 20 gold pieces
  1739 | D:3      | Reached XP level 5. HP: 37/41 MP: 5/5
  2134 | D:3      | Reached skill level 1 in Throwing
  2134 | D:3      | Reached skill level 1 in Spellcasting
  2151 | D:3      | Found a hide-covered altar of Uskayaw.
  2266 | D:3      | Reached XP level 6. HP: 28/47 MP: 7/7
  2267 | D:3      | Identified the +1 cloak of Activism {-Tele rC+++ rN+
                  | Regen+}
  2628 | D:3      | Noticed Jessica
  2630 | D:3      | Killed Jessica
  2644 | D:3      | Found a runed translucent door.
  2648 | D:3      | Noticed SkeletonJelly's ghost (weakling DrMo)
  2689 | D:3      | Killed SkeletonJelly's ghost
  2738 | D:3      | Reached XP level 7. HP: 51/54 MP: 6/8
  2762 | D:3      | Noticed Terence
  2767 | D:3      | Killed Terence
  2783 | D:3      | Noticed Grinder
  2784 | D:3      | Paralysed by Grinder for 2 turns
  2787 | D:3      | Paralysed by Grinder for 2 turns
  2793 | D:3      | Paralysed by Grinder for 2 turns
  2799 | D:3      | Killed Grinder
  3047 | D:3      | Found a sparkling altar of Nemelex Xobeh.
  3052 | D:3      | Found a hazy altar of Hepliaklqana.
  3055 | D:3      | Found a stormy altar of Qazlal.
  3169 | D:4      | Reached skill level 1 in Earth Magic
  3374 | D:4      | Reached skill level 1 in Ranged Weapons
  3374 | D:4      | Reached XP level 8. HP: 35/60 MP: 4/11
  3437 | D:4      | Found an ornate altar of the Wu Jian Council.
  3449 | D:4      | Reached skill level 2 in Ranged Weapons
  3481 | D:4      | Reached skill level 3 in Ranged Weapons
  3571 | D:4      | Reached skill level 4 in Ranged Weapons
  3659 | D:4      | Found a white marble altar of Elyvilon.
  3951 | D:4      | Reached skill level 5 in Fighting
  3972 | D:4      | Found a shadowy altar of Dithmenos.
  4375 | D:5      | Entered Level 5 of the Dungeon
  4375 | D:5      | Found Tidivuc's Distillery.
  4416 | D:5      | Bought a potion of cancellation for 88 gold pieces
  4416 | D:5      | Bought a potion of might for 44 gold pieces
  4416 | D:5      | Bought a potion of curing for 33 gold pieces
  4416 | D:5      | Bought a potion of curing for 33 gold pieces
  4424 | D:5      | Found a staircase to the Ecumenical Temple.
  4436 | D:5      | Reached skill level 1 in Armour
  4552 | D:5      | Found Ikhur's Weapon Shoppe.
  4644 | D:5      | Reached XP level 9. HP: 58/68 MP: 9/12
  4825 | D:5      | Reached skill level 5 in Ranged Weapons
  4993 | D:5      | Found Jyezo's Armour Shop.
  5212 | D:5      | Found Uruixtou's Jewellery Shop.
  5850 | D:6      | Reached skill level 6 in Ranged Weapons
  5868 | D:6      | Noticed nickcage's ghost (novice MfGl)
  5871 | D:6      | Found a runed translucent door.
  5914 | D:6      | Killed nickcage's ghost
  5959 | D:6      | Reached XP level 10. HP: 60/79 MP: 11/13
  6045 | D:6      | Reached skill level 7 in Ranged Weapons
  6178 | D:6      | Identified the +1 robe of Duabem {*Corrode +Inv rF+ rC+}
  6325 | D:6      | Reached skill level 5 in Dodging
  6368 | D:6      | Found Unel's Jewellery Shop.
  6684 | D:7      | Noticed Menkaure
  6689 | D:7      | Killed Menkaure
  6886 | D:7      | Identified the ring "Damnable Contraption" {rF+ rC+ Dex+2}
  6928 | D:7      | Found a snail-covered altar of Cheibriados.
  6939 | D:7      | Identified the +6 dire flail of Ashenzari's Generosity
                  | {venom, *Slow rF+ rN+}
  7089 | D:7      | Noticed a two-headed ogre
  7103 | D:7      | Killed a two-headed ogre
  7254 | D:7      | Reached skill level 5 in Stealth
  7598 | D:7      | Reached XP level 11. HP: 59/86 MP: 15/15
  7809 | D:7      | Reached skill level 8 in Ranged Weapons
  8161 | D:7      | Reached skill level 9 in Ranged Weapons
  8461 | D:8      | Found a staircase to the Lair.
  8763 | D:8      | Found a radiant altar of Vehumet.
  9176 | D:5      | Bought a ring of see invisible for 210 gold pieces
  9288 | D:8      | Reached skill level 10 in Ranged Weapons
  9479 | D:9      | Found Ruah's Weapon Shoppe.
  9479 | D:9      | Found a staircase to the Orcish Mines.
  9806 | D:10     | Entered Level 10 of the Dungeon
  9812 | D:10     | Found Haphu's Gadget Gallery.
  9817 | D:10     | Noticed a two-headed ogre
  9823 | D:10     | Killed a two-headed ogre
  9824 | D:10     | Reached skill level 11 in Ranged Weapons
  9942 | D:10     | Found a glowing golden altar of the Shining One.
  9970 | D:10     | Found Obainle's Antique Weapon Shoppe.
  9991 | D:10     | Noticed Sonja
  9993 | D:10     | Killed Sonja
  9994 | D:10     | Reached XP level 12. HP: 92/92 MP: 16/16
 10261 | D:10     | Noticed Urug
 10275 | D:10     | Killed Urug
 10276 | D:10     | Reached skill level 12 in Ranged Weapons
 10276 | D:10     | Reached skill level 5 in Invocations
 10684 | D:11     | Reached skill level 1 in Maces & Flails
 10890 | D:11     | Noticed a two-headed ogre
 10896 | D:11     | Killed a two-headed ogre
 11072 | D:11     | Noticed a four-headed hydra
 11081 | D:11     | Killed a four-headed hydra
 11134 | Lair:1   | Entered Level 1 of the Lair of Beasts
 11338 | Lair:1   | Noticed Erica
 11347 | Lair:1   | Killed Erica
 11348 | Lair:1   | Reached skill level 5 in Armour
 11467 | Lair:1   | Found a bloodstained altar of Trog.
 11473 | Lair:1   | Reached skill level 1 in Long Blades
 11644 | Lair:1   | Noticed a catoblepas
 11662 | Lair:1   | Killed a catoblepas
 11663 | Lair:1   | Reached XP level 13. HP: 96/99 MP: 17/17
 11740 | Lair:1   | Reached *** piety under Yredelemnul
 12496 | Lair:2   | Found a staircase to the Swamp.
 12552 | Lair:2   | You fall into a shaft and drop 2 floors!
 12552 | Lair:4   | Noticed Nessos
 12563 | Lair:4   | Killed Nessos
 12564 | Lair:4   | Reached skill level 5 in Maces & Flails
 12580 | Lair:4   | Reached **** piety under Yredelemnul
 12580 | Lair:4   | Reached ***** piety under Yredelemnul
 12856 | Lair:4   | Reached skill level 13 in Ranged Weapons
 13386 | Lair:4   | Found a runed translucent door.
 13389 | Lair:4   | Noticed a boulder beetle
 13389 | Lair:4   | Noticed purpskrrrp's ghost (journeyman DsFi)
 13418 | Lair:4   | HP: 5/102 [purpskrrrp's ghost (2)]
 13456 | Lair:4   | Killed a boulder beetle
 13457 | Lair:4   | Reached skill level 10 in Fighting
 13475 | Lair:4   | Mangled by purpskrrrp's ghost

Illustrated notes

Levels and vault maps discovered:
D:1:      reono_arrival_forest_river, layout_rooms,
          dreamdust_ecumenical_altar_grove
D:2:      layout_rooms, serial_shops, shop
D:3:      layout_loops_ring, minmay_overflow_temple_star_quad,
          eat_drink_and_be_merry_uskayaw, ebering_ghost_sewer_d,
          feat_on_display, uniq_terence, uniq_grinder, uniq_jessica
D:4:      layout_basic, grunt_dithmenos_smoke, nicolae_overflow_hidden_temple,
          nicolae_wu_jian_glorious_leap, gup_sewer_entry_spiral
D:5:      layout_basic, temple_statues, serial_shops, nicolae_shop_stone,
          nicolae_stop_n_shop_2, shop, shop, minmay_fractal_squares_diagonal_5
D:6:      cheibrodos_helix_gallery, layout_loops_ring,
          hellmonk_ghost_happy_afterlife, serial_shops, shop,
          kennysheep_flooded_box, minmay_ruffians
D:7:      layout_rooms, mainiacjoe_overflow_paths, uniq_menkaure
D:8:      layout_cave_pools, vehumet_altar_wand_db, erik_lair_orcish_takeover,
          eino_jars
D:9:      layout_rooms, orc_david_3
D:10:     layout_roguey, tso_altar, serial_shops, nicolae_shop_behind_doors,
          nicolae_shop_gadgets, uniq_sonja, uniq_urug
D:11:     layout_loops_ring, small_statue_intersection,
          nicolae_hepliaklqana_ecumenical_no_more
Lair:1:   layout_roguey, basic_altar, grunt_megastairs_1, serial_bayou_shore_b,
          serial_bayou_shore_b, uniq_erica
Lair:2:   layout_gridlike, swamp_mist_pool
Lair:4:   layout_loops_ring, ebering_ghost_inner_flame, lemuel_old_faithful,
          uniq_nessos

Skill      XL: |  1  2  3  4  5  6  7  8  9 10 11 12 13 |
---------------+----------------------------------------+-----
Short Blades   | 1 2 3 |  3.0
Dodging        | 1 2 3 4 6 7 |  7.0
Invocations    | 1 2 3 4 6 |  6.0
Fighting       | 3 4 5 7 8 10 | 10.0
Throwing       | 1 |  1.0
Spellcasting   | 1 2 3 |  3.0
Stealth        | 4 6 |  6.0
Conjurations   | 2 |  2.0
Hexes          | 2 |  2.0
Earth Magic    | 2 |  2.0
Ranged Weapons | 1 4 6 7 11 12 13 | 13.0
Armour         | 2 3 4 5 6 |  6.0
Evocations     | 4 |  4.0
Maces & Flails | 4 5 |  5.1
Staves         | 4 |  4.6
Long Blades    | 1 2 |  2.2

Action                   |  1- 3 |  4- 6 |  7- 9 | 10-12 | 13-15 || total
-------------------------+-------+-------+-------+-------+-------++-------
Melee: Dagger            |    69 |    84 |   172 |   160 |       ||   485
       Punch             |       |     3 |     3 |     3 |       ||     9
       Quarterstaff      |       |       |    29 |       |       ||    29
       Mace              |       |       |    35 |       |       ||    35
       Rapier            |       |       |    36 |     2 |       ||    38
       Falchion          |       |       |    13 |     2 |       ||    15
       Short sword       |       |       |       |   259 |       ||   259
       Dire flail        |       |       |       |     9 |       ||     9
       Battleaxe         |       |       |       |     4 |       ||     4
       Eveningstar       |       |       |       |    60 |    21 ||    81
       Scimitar          |       |       |       |     3 |       ||     3
 Fire: Shortbow          |       |       |   137 |    94 |       ||   231
       Sling             |       |       |     2 |       |       ||     2
       Arbalest          |       |       |       |   132 |    68 ||   200
       Longbow           |       |       |       |       |    10 ||    10
Throw: Dart              |     6 |     2 |       |     2 |       ||    10
       Boomerang         |       |     1 |       |       |       ||     1
Invok: Recall Undead Har |     1 |     3 |     6 |     1 |       ||    11
       Dark Bargain      |       |       |     2 |     9 |     5 ||    16
       Bind Soul         |       |       |       |       |     1 ||     1
Evoke: Wand              |       |    21 |    11 |    14 |     3 ||    49
       Lightning rod     |       |       |       |       |     1 ||     1
  Use: Potion            |       |       |       |     4 |     7 ||    11
       Scroll            |       |       |       |    11 |     6 ||    17
 Stab: Sleeping          |     4 |     3 |     3 |     1 |       ||    11
       Distracted        |     2 |       |     2 |     3 |     1 ||     8
       Invisible         |       |       |     2 |     1 |       ||     3
Armor: Leather armour    |    13 |    22 |    45 |    98 |       ||   178
       Scale mail        |       |       |    96 |       |       ||    96
       Skin              |       |       |     3 |       |       ||     3
       Robe              |       |       |       |    20 |       ||    20
       Ring mail         |       |       |       |    28 |    45 ||    73
Dodge: Dodged            |    33 |    48 |   191 |   536 |    61 ||   869

Table legend: (Time is in decaauts)
 A = Elapsed time spent in this place.
 B = Non-inter-level travel time spent in this place.
 C = Inter-level travel time spent in this place.
 D = Time resting spent in this place.
 E = Time spent auto-exploring this place.
 F = Levels seen in this place.
 G = Mean time per level.
                   A        B        C        D        E       F      G
               +--------+--------+--------+--------+--------+-----+--------+
         Total |  13587 |  12699 |    888 |   2466 |   4416 |  14 |  970.5 |
       Dungeon |  11333 |  10544 |    789 |   2288 |   3316 |  11 | 1030.3 |
          Lair |   2253 |   2155 |     98 |    178 |   1099 |   3 |  751.0 |
               +--------+--------+--------+--------+--------+-----+--------+

Top non-repeatable levels by time:
     D:7: 1448 daAuts
     D:3: 1381 daAuts
     D:5: 1338 daAuts
     D:4: 1308 daAuts
     D:2: 1257 daAuts
     D:6: 1116 daAuts
     D:8: 1021 daAuts
  Lair:1: 932 daAuts
  Lair:4: 930 daAuts
    D:10: 842 daAuts
     D:9: 649 daAuts
    D:11: 498 daAuts
     D:1: 470 daAuts
  Lair:2: 390 daAuts
